 Dungeon Crawl Stone Soup version 0.20.1-1-g8b1a95d (webtiles) character file.

21 Darkell the Ducker (level 2, -1/12 HPs)
             Began as a Felid Transmuter on July 2, 2017.
             Slain by a centaur (3 damage)
             ... on level 1 of the Dungeon on July 4, 2017.
             The game lasted 00:01:34 (912 turns).

Darkell the Ducker (Felid Transmuter)                Turns: 912, Time: 00:01:35

Health: -1/12      AC:  1    Str:  6    XL:     2   Next: 65%
Magic:  5/6        EV: 19    Int: 14    God:
Gold:   22         SH:  0    Dex: 16    Spells: 2/5 levels left
                                        Lives:  0   Deaths: 0

rFire    . . .     SeeInvis +     - Unarmed
rCold    . . .     Gourm    .   (shield unavailable)
rNeg     . . .     Faith    .   (armour unavailable)
rPois    .         Spirit   .   (helmet unavailable)
rElec    .         Reflect  .   (cloak unavailable)
rCorr    .         Harm     .   (gloves unavailable)
MR       .....                  (boots unavailable)
Stlth    ++........             (no amulet)
Regen    0.1/turn               (no ring)
MPRegen  0.1/turn               (no ring)

@: appendage, quick
A: no armour, no weapons or thrown items, stealth, claws 1, fangs 3, horns 2,
see invisible, carnivore 3, speed 1, shaggy fur 1, slow metabolism 1, sharp paws
a: End Transformation


You were on level 1 of the Dungeon.
You were completely stuffed.
You had grown temporary horns.
You visited 1 branch of the dungeon, and saw 1 of its levels.

You collected 22 gold pieces.

Inventory:

Missiles
 a - 12 arrows
Books
 b - a book of Changes

   Spells                             Type                      Level
   a - Beastly Appendage              Transmutation                1
   b - Sticks to Snakes               Transmutation                2
   c - Spider Form                    Transmutation/Poison         3
   d - Ice Form                       Ice/Transmutation            4
   e - Blade Hands                    Transmutation                5
Comestibles
 c - a meat ration


   Skills:
 + Level 1.4 Fighting
 + Level 3.6 Dodging
 + Level 3.2 Unarmed Combat
 - Level 2.0 Spellcasting
 + Level 2.4 Transmutations


You had 2 spell levels left.
You knew the following spells:

 Your Spells              Type           Power        Failure   Level  Hunger
a - Beastly Appendage     Tmut           #.....       9%          1    ##.....
b - Sticks to Snakes      Tmut           #.......     13%         2    ###....


Dungeon Overview and Level Annotations

Branches:
Dungeon (1/15)

Altars:


Innate Abilities, Weirdness & Mutations

You cannot wear armour.
You are incapable of wielding weapons or throwing items.
Your paws allow you to move quietly. (Stealth)
You have sharp claws.
You have razor-sharp teeth.
You have supernaturally acute eyesight. (SInv)
You are carnivorous and can eat meat at any time.
You cover ground quickly.
You are covered in fur. (AC +1)
You have a slow metabolism.
Your sharp claws are effective at attacking unaware monsters.
You have a pair of horns on your head.


Message History

You headbutt the centaur, but do no damage.
You bite the centaur.
The centaur is heavily wounded.
The centaur misses you.
You scratch the centaur. Your bite misses the centaur.
The centaur is heavily wounded.
The centaur closely misses you. x2
You scratch the centaur but do no damage.
You headbutt the centaur, but do no damage.
The centaur is heavily wounded.
The centaur closely misses you.
You scratch the centaur but do no damage.
The centaur is heavily wounded.
The centaur hits you.
* * * LOW HITPOINT WARNING * * *
A rat comes into view.
You scratch the centaur. You bite the centaur.
The centaur is severely wounded.
The centaur misses you. The centaur hits you.
You die...

......###.⌠.###...##..#
#.##....#(..#........#..
#.###...#####.....##..#.
#...............r......
#######.##.#..#..###... #
#.##.#.#.#.# ..# #
#.##.#.###.###...# #
#.##......c....... #
#.###.#.##@## # #
#.###.#.##.####..# #
#..##.#.##.......# #
##.##.#.##..###.## #
#.##.#.##..## #
#.##.#.##(..# #
#......###..#
########......###..####.
.........................


You could see a centaur and a rat.

Vanquished Creatures
  6 bats (D:1)
  2 goblins (D:1)
  2 hobgoblins (D:1)
  2 frilled lizards (D:1)
  5 kobolds (D:1)
  4 rats (D:1)
21 creatures vanquished.

Notes
Turn   | Place    | Note
-------+----------+-------------------------------------------
     0 | D:1      | Darkell the Felid Transmuter began the quest for the Orb.
     0 | D:1      | Reached XP level 1. HP: 9/9 MP: 4/4
   302 | D:1      | Reached XP level 2. HP: 12/12 MP: 6/6
   329 | D:1      | Learned a level 2 spell: Sticks to Snakes
   542 | D:1      | Upgraded the game from 0.20.0-15-g7f486f2 to 0.20.1-1-g8b1a95d
   899 | D:1      | Noticed a centaur
   912 | D:1      | Slain by a centaur

Skill      XL: |  1 |
---------------+----+-----
Dodging        | 3 |  3.6
Fighting       | |  1.4
Unarmed Combat | |  3.2
Spellcasting   | |  2.0
Transmutations | |  2.4

Action                   || total
-------------------------++-------
Melee: Unarmed           ||    55
       Headbutt          ||     6
       Bite              ||     4
 Cast: Beastly Appendage ||     8
 Stab: Sleeping          ||     3
  Eat: Chunk             ||     7
Armor: Skin              ||     8
Dodge: Dodged            ||    59
